 Dungeon Crawl Stone Soup version 0.32-a0-768-g0f6f1dd4b9 (webtiles) character file.

Game seed: 16827927732581905520

23538 lunkers the Cleaver (level 13, 0/154 HPs)
             Began as a Coglin Berserker on Mar 18, 2024.
             Was an Elder of Trog.
             Slain by a salamander
             ... wielding a +1 trident of flaming
              (2 damage)
             ... in a volcano.
             The game lasted 00:13:15 (11961 turns).

lunkers the Cleaver (Coglin Berserker)             Turns: 11961, Time: 00:13:16

Health: 0/154      AC: 17    Str: 21    XL:     13   Next: 7%
Magic:  13/13      EV: 12    Int:  6    God:    Trog [****..]
Gold:   703        SH:  0    Dex: 16    Spells: 12/12 levels left

rFire   . . .        g - +5 hand axe of Gemab {speed, rElec SInv}
rCold   . . .        d - +0 hand axe (drain) {Raúl}
rNeg    . . .        o - +1 chain mail
rPois   .            (no helmet)
rElec   +            a - scarf {shadows}
rCorr   .            z - +2 pair of gloves
SInv    +            k - +0 pair of boots
Will    .....        (amulet unavailable) Stlth
                     (ring unavailable)
HPRegen 0.45/turn    (ring unavailable)
MPRegen 0.13/turn    (no gizmo)

%: no passive effects
@: berserking (expiring), revving, very quick
A: off-hand wielding, slow wielding, warmup strikes, no jewellery
a: Invent Gizmo, Renounce Religion, Berserk, Trog's Hand, Brothers in Arms


You were in a volcano.
You worshipped Trog.
Trog was greatly pleased with you.
You visited 2 branches of the dungeon, and saw 12 of its levels.
You also visited: Volcano.

You collected 703 gold pieces.

Inventory:

Hand Weapons
 d - a +0 hand axe of draining (offhand) {Raúl}
 g - the +5 hand axe of Gemab (weapon) {speed, rElec SInv}
   (You found it on level 6 of the Dungeon)

   rElec:     It insulates you from electricity.
   SInv:      It lets you see invisible.
Missiles
 s - a throwing net
Armour
 a - a scarf of shadows (worn)
 k - a +0 pair of boots (worn)
 o - a +1 chain mail (worn)
 z - a +2 pair of gloves (worn)
Wands
 f - a wand of polymorph (4)
 q - a wand of paralysis (32)
 w - a wand of acid (13)
 B - a wand of roots (5)
Scrolls
 c - 2 scrolls of revelation
 e - 2 scrolls of teleportation
 h - 3 scrolls of vulnerability
 j - a scroll of fog
 r - a scroll of enchant armour
 t - 2 scrolls of identify
 x - a scroll of silence
 y - 2 scrolls of amnesia
 A - a scroll of fear
Potions
 b - 2 potions of berserk rage
 i - 7 potions of curing
 l - 2 potions of heal wounds
 m - a potion of haste
 n - a potion of ambrosia
 u - 2 potions of mutation
 v - a potion of lignification
Miscellaneous
 p - a phantom mirror


   Skills:
 + Level 10.3 Fighting
 - Level 14.0 Axes
 + Level 9.1 Armour
 + Level 9.1 Dodging
 + Level 3.0 Evocations


You had 12 spell levels left.
You didn't know any spells.
Your spell library was empty.

Dungeon Overview and Level Annotations

Branches:
Dungeon (8/15)             Temple (0/1) D:7            Lair (4/5) D:8
  Swamp (0/4) Lair:2       Spider (0/4) Lair:3      Volcano (1/1)
  Slime: Lair:4-5

Altars:
Cheibriados
Elyvilon
Fedhas
Nemelex Xobeh
Ru
Sif Muna
Uskayaw
Zin

Shops:
D:2 ?   D:6 *!

Annotations:
Lair:2 exclusion: oklob plant


Innate Abilities, Weirdness & Mutations

You can wield a second weapon in your off-hand.
It takes a long time for you to wield or remove held weapons.
Your first few attacks do less damage.
You cannot equip rings or amulets.


Message History

Unknown command.
You slash the salamander mystic with the +5 hand axe of Gemab!
You kill the salamander mystic!
Trog accepts your kill.
Trog appreciates your killing of a magic user.
The salamander hits you from afar with a +1 trident of flaming.
* * * LOW HITPOINT WARNING * * *
You are engulfed in flames!
* * * LOW HITPOINT WARNING * * *
The salamander burns you.
* * * LOW HITPOINT WARNING * * *
The salamander completely misses you.
Items here: )) [ ††.
Unknown command.
You hit the salamander but do no damage.
You hit the salamander with the +5 hand axe of Gemab.
The salamander hits you from afar with a +1 trident of flaming!
* * * LOW HITPOINT WARNING * * *
You are engulfed in flames!
* * * LOW HITPOINT WARNING * * *
The salamander burns you.
* * * LOW HITPOINT WARNING * * *
You slash the salamander with the +5 hand axe of Gemab!
The salamander is moderately wounded.
You slice the salamander with your +0 hand axe of draining!!
You drain the salamander.
Unknown command.
You slash the salamander with the +5 hand axe of Gemab!
The salamander is almost dead.
You slash the salamander with your +0 hand axe of draining!
You kill the salamander!
Trog accepts your kill.
Your Evocations skill increases to level 3!
Unknown command.
The salamander hits you with a +1 trident of flaming.
* * * LOW HITPOINT WARNING * * *
You are engulfed in flames!
* * * LOW HITPOINT WARNING * * *
The salamander burns you.
You die...

§≈ ≈§§≈ ≈≈≈≈≈≈ #######
≈≈≈≈≈≈≈≈ +.....+
#.≈≈≈≈§§§≈ #.ß_ßN#
#.≈≈§≈§§≈≈ #..)@.#
#.≈≈≈≈§≈§≈ ###'###
###.≈≈§≈≈≈≈§ #.#
.#.≈§§§≈≈≈§ #.#
#.≈≈≈≈§≈.§ #.#
#.≈§≈≈.§≈≈ #.#
#.≈≈§§≈≈§≈ #.#
#...≈§≈≈≈§ #.#
#.≈§≈§≈§≈≈
#####+########.≈§≈§≈≈§§


You could see a salamander.

Vanquished Creatures
  A broodmother (Lair:4)
  Nergalle (Lair:2)
  The ghost of kairosrom117 the Magician, a novice DrFE of Vehumet (D:7)
  A skyshark (Lair:2)
  A salamander mystic (Volcano)
  Pikel (D:7)
  A bog body (Lair:2)
  2 salamanders (Volcano)
  Maurice (D:7)
  A meliai (Lair:3)
  A black mamba (Lair:2)
  5 elephants (Lair:2)
  4 komodo dragons
  8 cane toads
  Jeremiah (D:7)
  3 rime drakes
  A hornet (D:7)
  20 blink frogs
  A wyvern (Lair:2)
  5 fire bats
  6 yaks (Lair:3)
  4 basilisks
  A steam dragon (D:5)
  Duvessa (D:7)
  7 water moccasins
  3 ice beasts
  4 black bears
  A sky beast (D:7)
  2 orc warriors
  An ogre (D:4)
  6 wolves
  4 lemures (D:7)
  A centaur (D:5)
  2 kobold brigands (D:7)
  A phantom (D:4)
  11 bullfrogs
  7 scorpions
  8 wights
  Dowan (D:7)
  7 killer bees
  A howler monkey (D:6)
  3 bombardier beetles
  3 jellies
  3 lava snakes (Volcano)
  2 bullfrog skeletons (D:3)
  5 orc priests
  A gnoll bouda (D:5)
  6 hounds
  A sleepcap (D:5)
  2 iguanas
  8 orc wizards
  6 gnolls
  4 adders
  2 shadow imps
  4 white imps
  A ribbon worm (D:4)
  The ghost of chuckh07 the Conjurer, a weakling DrCj (D:3)
  4 dart slugs
  17 orcs
  6 ball pythons
  3 bats
  5 endoplasms
  3 giant cockroaches
  5 goblins
  8 hobgoblins
  A jackal (D:4)
  3 quokkas
  3 frilled lizards (D:1)
  19 kobolds
  6 rats
274 creatures vanquished.

Vanquished Creatures (others)
  4 foxfires (D:7)
4 creatures vanquished.

Grand Total: 278 creatures vanquished

Notes
Turn   | Place    | Note
-------+----------+-------------------------------------------
     0 | D:1      | lunkers the Coglin Berserker began the quest for the Orb.
     0 | D:1      | Reached XP level 1. HP: 18/18 MP: 1/1
   269 | D:1      | Reached XP level 2. HP: 24/24 MP: 2/2
   801 | D:1      | Reached skill level 4 in Axes
   801 | D:1      | Reached XP level 3. HP: 9/29 MP: 3/3
   972 | D:2      | Found Ydwig's Magic Scroll Shop.
  1566 | D:3      | Reached ** piety under Trog
  1571 | D:3      | Reached skill level 5 in Axes
  1571 | D:3      | Reached XP level 4. HP: 35/35 MP: 4/4
  1576 | D:3      | Reached XP level 5. HP: 41/41 MP: 5/5
  1660 | D:3      | Found a faded altar of an unknown god.
  1765 | D:3      | Found a shimmering blue altar of Sif Muna.
  1936 | D:3      | Found a runed translucent gate.
  1936 | D:3      | Found a runed translucent gate.
  1936 | D:3      | Found a runed translucent gate.
  1936 | D:3      | Noticed chuckh07's ghost (weakling DrCj)
  2089 | D:3      | Reached skill level 6 in Axes
  2089 | D:3      | Killed chuckh07's ghost
  2149 | D:4      | Reached XP level 6. HP: 35/47 MP: 6/6
  2236 | D:4      | Reached skill level 7 in Axes
  2459 | D:4      | Reached XP level 7. HP: 52/52 MP: 7/7
  2529 | D:4      | Reached skill level 8 in Axes
  2662 | D:4      | Found a snail-covered altar of Cheibriados.
  2737 | D:4      | Found a glowing silver altar of Zin.
  3040 | D:5      | Entered Level 5 of the Dungeon
  3040 | D:5      | Found a blossoming altar of Fedhas.
  3111 | D:5      | Noticed a steam dragon
  3120 | D:5      | Killed a steam dragon
  3121 | D:5      | Reached skill level 9 in Axes
  3289 | D:5      | Reached XP level 8. HP: 38/58 MP: 8/8
  3796 | D:5      | Reached skill level 10 in Axes
  3902 | D:5      | Reached *** piety under Trog
  3903 | D:5      | Reached skill level 11 in Axes
  4302 | D:6      | Identified the +5 hand axe of Gemab {speed, rElec SInv}
  4314 | D:6      | Reached XP level 9. HP: 63/63 MP: 9/9
  4341 | D:6      | Found a white marble altar of Elyvilon.
  4360 | D:6      | Reached skill level 12 in Axes
  4532 | D:6      | Found a sacrificial altar of Ru.
  4535 | D:6      | Found a hide-covered altar of Uskayaw.
  4549 | D:6      | Found Besy's General Store.
  4552 | D:6      | Found Yguowere's Distillery.
  5062 | D:7      | Reached skill level 13 in Axes
  5396 | D:7      | Found a runed translucent door.
  5401 | D:7      | Noticed kairosrom117's ghost (novice DrFE)
  5422 | D:7      | Noticed Duvessa
  5422 | D:7      | Noticed Dowan
  5425 | D:7      | Killed Dowan
  5430 | D:7      | Killed Duvessa
  5488 | D:7      | Noticed Maurice
  5502 | D:7      | Killed Maurice
  5503 | D:7      | Reached skill level 14 in Axes
  5503 | D:7      | Reached XP level 10. HP: 70/70 MP: 10/10
  5508 | D:7      | Noticed Pikel
  5527 | D:7      | Killed Pikel
  5630 | D:7      | Found a staircase to the Ecumenical Temple.
  5690 | D:7      | Reached **** piety under Trog
  5910 | D:7      | Noticed Jeremiah
  5924 | D:7      | Killed Jeremiah
  5977 | D:7      | Paralysed by a hornet for 1 turns
  5986 | D:7      | Paralysed by a hornet for 2 turns
  6432 | D:7      | Killed kairosrom117's ghost
  6433 | D:7      | Reached skill level 5 in Fighting
  6684 | D:8      | Found a staircase to the Lair.
  7143 | Lair:1   | Entered Level 1 of the Lair of Beasts
  7146 | Lair:1   | Noticed a cane toad
  7156 | Lair:1   | Killed a cane toad
  7284 | Lair:1   | Found a sparkling altar of Nemelex Xobeh.
  7312 | Lair:1   | Reached XP level 11. HP: 81/81 MP: 11/11
  7314 | Lair:1   | Reached skill level 5 in Armour
  7314 | Lair:1   | Reached skill level 5 in Dodging
  8416 | Lair:2   | Noticed a skyshark
  8432 | Lair:2   | Killed a skyshark
  9039 | Lair:2   | You fall into a shaft and drop 1 floor!
  9183 | Lair:3   | Reached XP level 12. HP: 36/93 MP: 12/12
  9359 | Lair:3   | Found a hole to the Spider Nest.
  9987 | Lair:3   | Identified the +2 spear "Beastslayer" {spect, Dex+4}
 11093 | Lair:2   | Noticed Nergalle
 11100 | Lair:2   | Killed Nergalle
 11211 | Lair:2   | Found a staircase to the Swamp.
 11630 | Lair:4   | Noticed a five-headed hydra
 11642 | Lair:4   | Reached skill level 10 in Fighting
 11645 | Lair:4   | a five-headed hydra changed into a broodmother
 11645 | Lair:4   | Noticed a broodmother
 11653 | Lair:4   | Killed a broodmother
 11654 | Lair:4   | Reached skill level 1 in Evocations
 11778 | Lair:4   | Found a dark tunnel.
 11821 | Volcano  | Entered a volcano
 11945 | Volcano  | Found a burning altar of Makhleb.
 11953 | Volcano  | Reached XP level 13. HP: 69/103 MP: 13/13
 11961 | Volcano  | HP: 2/154 [salamander/+1 trident of flaming (9)]
 11961 | Volcano  | Slain by a salamander

Illustrated notes

Levels and vault maps discovered:
D:1:      wander_arrival_chamber, layout_loops_ring, reono_crystal_passage
D:2:      layout_basic, serial_shops, shop, dreamdust_princess_corridor
D:3:      layout_rooms, lemuel_coloured_pillars_altar,
          ebering_ecumenical_altar_sacrificial, gammafunk_ghost_necromancy
D:4:      layout_basic, grunt_temple_overflow_open, minmay_misc_feat_five,
          minmay_pentangle
D:5:      layout_loops_ring, fedhas_altar_1, minmay_increasing_density
D:6:      layout_rooms, nicolae_overflow_hidden_temple,
          nicolae_elyvilon_peaceful_grove, nicolae_wooded_promenade
D:7:      layout_basic, minmay_temple_entry_junction,
          ebering_ghost_reflecting_pool, uniq_maurice, uniq_pikel,
          uniq_jeremiah, uniq_duvessa
D:8:      layout_basic, david_lair_shrubbed
Lair:1:   hellmonk_destroyed_diamonds, layout_small_grid, basic_altar
Lair:2:   layout_small_grid, skrybe_swamp_entry_bodies, uniq_nergalle
Lair:3:   layout_chaotic_city, hellmonk_spider_entry_not_the_bees,
          kennysheep_basilisk_garden, grunt_megastairs_3, lemuel_fruit_tree,
          infiniplex_staircase_pool_2
Lair:4:   layout_roguey [special_room_mythical_zoo],
          minmay_slime_entry_jelly_boxes, nicolae_volcano_entry_batcave,
          pdpol_lair_neglected_garden
Volcano:  volcano_lake [vl_original]

Skill      XL: |  1  2  3  4  5  6  7  8  9 10 11 12 13 |
---------------+----------------------------------------+-----
Axes           | 4 5 6 7 9 11 14 | 14.0
Armour         | 4 7 9 |  9.1
Dodging        | 4 7 9 |  9.1
Fighting       | 6 8 10 | 10.3
Evocations     | 2 3 |  3.0

Action                     |  1- 3 |  4- 6 |  7- 9 | 10-12 | 13-15 || total
---------------------------+-------+-------+-------+-------+-------++-------
  Melee: Dagger            |    67 |     8 |       |       |       ||    75
         Hand axe          |    69 |    23 |   260 |   895 |    13 ||  1260
         War axe           |       |    86 |   112 |       |       ||   198
 Invoke: Berserk           |     2 |     1 |     3 |     9 |       ||    15
         Trog's Hand       |       |       |     1 |     1 |       ||     2
  Evoke: Wand              |       |       |       |     3 |       ||     3
    Use: Scroll            |     2 |     1 |    11 |     5 |       ||    19
         Potion            |       |       |     1 |       |       ||     1
 Armour: Animal skin       |    43 |       |       |       |       ||    43
         Ring mail         |     4 |    21 |       |       |       ||    25
         Chain mail        |       |    38 |   156 |   316 |     6 ||   516
  Dodge: Dodged            |    42 |    23 |    66 |   138 |     1 ||   270

Table legend: (Time is in decaauts)
 A = Elapsed time spent in this place.
 B = Non-inter-level travel time spent in this place.
 C = Inter-level travel time spent in this place.
 D = Time resting spent in this place.
 E = Time spent auto-exploring this place.
 F = Levels seen in this place.
 G = Mean time per level.
                   A        B        C        D        E       F      G
               +--------+--------+--------+--------+--------+-----+--------+
         Total |  11825 |  11532 |    293 |    203 |   9638 |  13 |  909.6 |
       Dungeon |   7136 |   6940 |    196 |      3 |   5836 |   8 |  892.0 |
          Lair |   4562 |   4465 |     97 |    199 |   3779 |   4 | 1140.5 |
       Volcano |    127 |    127 |      0 |      0 |     23 |   1 |  127.0 |
               +--------+--------+--------+--------+--------+-----+--------+

Top non-repeatable levels by time:
  Lair:2: 1860 daAuts
     D:7: 1506 daAuts
  Lair:1: 1362 daAuts
     D:5: 1229 daAuts
  Lair:3: 1135 daAuts
     D:1: 986 daAuts
     D:4: 906 daAuts
     D:6: 658 daAuts
     D:8: 652 daAuts
     D:2: 609 daAuts
     D:3: 586 daAuts
  Lair:4: 203 daAuts
 Volcano: 127 daAuts
